Ptargh, chaotic female orcish Barbarian ----- |....# ------------ |..^|# --------------------------------- |.......%..| |...-# |...............................| |........<.| -.---#####-.------------.....------------.| |..........| ## # |.|)%)|...|!.|.....| |...|.| |..........| # # #-.|/%[|...|%[|.....+ |...|.| |..........| #)# # ###|.|((.|...|&o|.....| |.. |.| #...........| . # # |.|...|...||--.....----+---|---.| ###----------.- ## ### |[--|---+.-................/....| # ----|-------### |!)...........{......{..........| ### |..........|#####-.-|---|---....---|--...........| # |........>.|# ###|)|...|.. ----.| ...|.------|--.| ### |..........| #._|/..|...| |.|....|.+ ...|.| # ------------ |.|.+*|...| +.|.._.|.| |....|.|##### |.|/.=|...| |.|....|.| |....|.|## |.--------- -.------.- ------..## |. . . ....| --- --- --- ------ Ptargh the Bandit Experience level: 7 Strength: 18 Dexterity: 17 Constitution: 18 Intelligence: 8 Wisdom: 5 Charisma: 6 Health: 0(67) Energy: 15(15) Def: 10 Gold: 0 Moves: 2522 Dungeon seed: cCO-9z8dV0cwJQFi Game ID: Ptargh_1567317472 Your Inventory: Armor h - an uncursed +0 dwarvish iron helm (being worn) l - an uncursed +0 pair of iron shoes (being worn) n - an uncursed +0 dwarvish cloak (being worn) u - an uncursed +0 dwarvish mithril-coat (being worn) Weapons a - an uncursed +0 battle-axe (weapon in hands) c - a blessed +1 dwarvish short sword named +1 . q - an uncursed +1 orcish dagger named +1 . y - an uncursed +0 spear named +0 . #a (alternate weapon; not wielded) Wands H - an uncursed wand of striking named zii (0:0) J - an uncursed wand of digging (0:6) X - an uncursed wand of magic missile (0:0) Comestibles t - an uncursed tripe ration v - an uncursed pear M - an uncursed partly eaten food ration N - an uncursed fortune cookie S - 2 uncursed slices of pizza V - an uncursed tin of fox meat Tools e - an uncursed oil lamp (0:88) j - an uncursed skeleton key o - an uncursed greased sack p - an uncursed towel s - an uncursed stethoscope Contents of the sack: an uncursed +3 ring of gain strength a cursed ring of invisibility named c an uncursed +0 dwarvish cloak a cursed -1 pair of leather gloves named 0 #c an uncursed +1 arrow named +1 a cursed +0 arrow named 0 an uncursed +0 axe named 0 an uncursed +0 dagger named . +0 3 uncursed +0 daggers named 0 an uncursed +0 dagger named 0 # +0 a (m8x7) a cursed -1 dagger named 0 c a cursed +0 elven dagger named 0 a blessed +1 knife named +1 an uncursed +1 knife named +1 an uncursed +0 long sword named 0 an uncursed potion of fruit juice an uncursed scroll of blank paper an uncursed scroll of enchant armor an uncursed scroll of enchant weapon 2 uncursed food rations an uncursed lichen corpse an uncursed figurine of a gnome zombie 4 blessed tallow candles (0:200) an uncursed dilithium crystal an uncursed obsidian stone 2 uncursed worthless pieces of blue glass an uncursed worthless piece of green glass an uncursed worthless piece of orange glass 4 uncursed worthless pieces of red glass an uncursed worthless piece of violet glass named <. 2>,# 3 uncursed worthless pieces of white glass an uncursed worthless piece of yellow glass named <>. 3 .. 6@ .. 8saddle an uncursed worthless piece of yellowish brown glass Spells and supernatural/magical abilities: Name Level Category Fail Memory W - pray for help -- divine ? -- Your skills at the end: Fighting Skills bare handed combat [Basic] Weapon Skills axe [Skilled] short sword [Basic] Spellcasting Skills Final Attributes: You had transgressed. You were poison resistant. You were hallucinating. You had infravision. You were fast. You are dead. Vanquished creatures: a watch captain a small mimic 4 watchmen a gnome king a dingo a rock mole 8 gnome lords 2 gnomish wizards a ghoul a straw golem a paper golem a kitten 13 dwarves a kobold lord a giant bat a dwarf zombie a werejackal a coyote 2 gas spores 2 hobbits a large kobold 2 brown molds 42 gnomes a gnome zombie 4 jackals a fox a kobold a goblin 2 grid bugs a bat 2 lichens 3 newts and a partridge in a pear tree 106 creatures vanquished. Voluntary challenges: You were an atheist. You used a wielded weapon 125 times, starting on turn 63. You read items or engraved 7 times, starting on turn 13. You never genocided any monsters. You never polymorphed an object. You never changed form. You used no wishes. You never split a pudding. You never wrote Elbereth's name. You violated your moral code, losing 92 points of alignment, starting on turn 1211. You abstained from Elbereth's help. You werepermanently hallucinating. Dungeon overview: The Dungeons of Doom: levels 1 to 2 Level 1 a long staircase Level 2 a sink stairs to The Gnomish Mines The Gnomish Mines: levels 3 to 8 Level 3 stairs to The Dungeons of Doom Level 4 Level 5 Level 6 <- You were here some shops, a temple to Crom, some fountains Level 7 Level 8 History has recorded: On T:1 you entered the Dungeons of Doom to retrieve the Amulet of Yendor! On T:48 you reached level 2 of The Dungeons of Doom. On T:154 you reached level 1 of The Gnomish Mines. On T:274 you advanced to experience level 2. On T:316 you advanced to experience level 3. On T:355 you advanced to experience level 4. On T:623 you reached level 2 of The Gnomish Mines. On T:689 you reached level 3 of The Gnomish Mines. On T:838 you advanced to experience level 5. On T:869 you reached level 4 of The Gnomish Mines. On T:1043 you advanced to experience level 6. On T:1298 you reached level 5 of The Gnomish Mines. On T:1774 you advanced to experience level 7. On T:1800 you reached level 6 of The Gnomish Mines. Score breakdown: Gold: 0 ( 0 points) Experience: 7 levels (13645 points) Exploration: 8 levels ( 17.39%) (11832 points) Discoveries: 9 items ( 3.67%) ( 5749 points) Valuables value: (no points given unless you survive) Artifact value: 0 ( 0 points) Variety of kills: 32 monsters ( 8.40%) ( 8694 points) Turncount: 2522 turns ( -343 points) Survival: died (score multiplied by 80%) Total score: 31661 Latest messages: Status of the floating eye (neutral): Level 11 HP 54(64) Def 10. You feel an absence of magical power. The white unicorn zaps a wand of magic missile! The magic missile hits you! The magic missile bounces! The magic missile hits you! The magic missile hits it. The orange dragon zaps a wand of magic missile! The magic missile hits you! The magic missile bounces! The magic missile hits you! The magic missile misses it. You miss it. The nyaasu zaps a wand of magic missile! The magic missile hits you! You hear the howling of the CwnAnnwn... The magic missile bounces! The magic missile hits you! You die... Makin takes all your possessions. Final status: Goodbye Ptargh the Barbarian, killed by a magic missile... You died in The Gnomish Mines on dungeon level 6 with 31661 points, and 0 pieces of gold, after 2522 moves. You were level 7 with a maximum of 67 hit points when you died.